 Dungeon Crawl Stone Soup version 0.28-a0-863-g8cecda6153 (webtiles) character file.

Game seed: 7035012427769836714

3165 vineage the Fighter (level 9, 0/78 HPs)
             Began as a Demonspawn Gladiator on Nov 18, 2021.
             Was a Believer of Okawaru.
             Slain by a gnoll sergeant (12 damage)
             ... on level 7 of the Dungeon.
             The game lasted 00:07:41 (5773 turns).

vineage the Fighter (Demonspawn Gladiator)          Turns: 5773, Time: 00:07:42

Health: 0/78       AC: 14    Str: 19    XL:     9   Next: 63%
Magic:  9/9        EV: 12    Int: 17    God:    Okawaru [**....]
Gold:   371        SH:  0    Dex: 16    Spells: 8/8 levels left

rFire   . . .      SeeInvis .   x - +4 spear of Doom {vamp, rPois Str-3 Int+7 Stlth+}
rCold   . . .      Faith    .   (no shield)
rNeg    . . .      Spirit   .   b - +0 leather armour
rPois   +          Reflect  .   l - +1 helmet
rElec   .          Harm     .   m - +0 cloak
rCorr   .          Rampage  .   i - +0 pair of gloves
Will    .....                   (no boots)
Stlth   ++........              g - amulet of regeneration
HPRegen 0.00/turn               B - +6 ring of strength
MPRegen 0.11/turn               o - +4 ring of protection

@: sick, hasted, very quick
A: spiny 2, sharp scales 1, demonic magic 2
a: Renounce Religion, Heroism


You were on level 7 of the Dungeon.
You worshipped Okawaru.
Okawaru was pleased with you.
You visited 2 branches of the dungeon, and saw 8 of its levels.

You collected 371 gold pieces.

Inventory:

Hand Weapons
 a - a +1 war axe
 x - the +4 spear of Doom (weapon) {vamp, rPois Str-3 Int+7 Stlth+}
   (You found it on level 5 of the Dungeon)

   It occasionally heals its wielder for a portion of the damage dealt when it
   wounds a living foe.
   Str:       It affects your strength (-3).
   Int:       It affects your intelligence (+7).
   rPois:     It protects you from poison.
   Stlth:     It makes you more stealthy.
Missiles
 d - 3 throwing nets (quivered)
Armour
 b - a +0 leather armour (worn)
 i - a +0 pair of gloves (worn)
 l - a +1 helmet (worn)
 m - a +0 cloak (worn)
Jewellery
 g - an amulet of regeneration (around neck)
 j - a ring of ice
 n - a ring of see invisible
 o - a +4 ring of protection (right hand)
 q - a ring of magical power
 y - a ring of willpower
 B - a +6 ring of strength (left hand)
Wands
 k - a wand of mindburst (14)
 v - a wand of polymorph (11)
Scrolls
 c - 3 scrolls of teleportation
 f - a scroll of blinking
 r - a scroll of fog {unknown}
 s - a scroll of enchant weapon
 u - a scroll of magic mapping {unknown}
 w - a scroll of amnesia {unknown}
 C - 2 scrolls of enchant armour {unknown}
 E - 2 scrolls of identify
 F - 2 scrolls of fear {unknown}
Potions
 e - 3 potions of haste
 h - 2 potions of might
 p - a potion of ambrosia
 t - a potion of lignification
 z - 2 potions of magic
 A - 2 potions of resistance
 D - a potion of heal wounds {unknown}


   Skills:
 + Level 9.9 Fighting
 - Level 2.6 Axes
 - Level 1.7 Throwing
 + Level 8.8 Armour
 - Level 2.6 Dodging


You had 8 spell levels left.
You didn't know any spells.
Your spell library contained the following spells:

 Spells                   Type           Power      Damage    Failure   Level
 Slow                     Hex            0%         N/A       26%         1
 Confusing Touch          Hex            0%         N/A       63%         3
 Conjure Flame            Conj/Fire      0%         6-21      63%         3
 Dazzling Flash           Conj/Hex       0%         N/A       63%         3
 Ignite Poison            Fire/Tmut/Pois 0%         N/A       63%         3
 Vampiric Draining        Necr           0%         2d6       63%         3
 Airstrike                Air            0%         N/A       95%         4
 Iskenderun's Mystic Bla  Conj/Tloc      0%         2d3       95%         4
 Sticky Flame             Conj/Fire      0%         2d3       95%         4
 Lightning Bolt           Conj/Air       0%         1d11      100%        5
 Dispersal                Tloc           0%         N/A       100%        6
 Starburst                Conj/Fire      0%         6d3       100%        6
 Animate Armour           Summ/Erth      Unusable   N/A       N/A         4
 Summon Lightning Spire   Summ/Air       Unusable   N/A       N/A         4
 Dragon's Call            Summ           Unusable   N/A       N/A         9

Dungeon Overview and Level Annotations

Branches:
Dungeon (7/15)             Temple (1/1) D:5

Altars:
Ashenzari
Cheibriados
Dithmenos
Elyvilon
Fedhas
Gozag
Hepliaklqana
Kikubaaqudgha
Makhleb
Nemelex Xobeh
Okawaru
Qazlal
Ru
Trog
Uskayaw
Vehumet
Wu Jian
Xom
Yredelemnul
Zin
The Shining One

Shops:
D:6 :

Annotations:
D:7 1 transporter, sanka's ghost, novice GnTm


Innate Abilities, Weirdness & Mutations

You are mostly covered in sharp spines.
You are partially covered in razor-sharp scales. (AC +1, Slay +1)
Spells you cast may paralyse nearby enemies.


Message History

You completely miss sanka's ghost.
Sanka's ghost is heavily damaged.
The gnoll sergeant barely misses you. Sanka's ghost is struck by your spines.
Sanka's ghost barely misses you.
You closely miss sanka's ghost.
Sanka's ghost is heavily damaged.
The gnoll sergeant completely misses you.
Sanka's ghost is struck by your spines. Sanka's ghost barely misses you.
You hit sanka's ghost.
Sanka's ghost is severely damaged.
You closely miss sanka's ghost.
Sanka's ghost is severely damaged.
The gnoll sergeant barely misses you. Sanka's ghost is struck by your spines.
Sanka's ghost hits you but does no damage.
You hit sanka's ghost but do no damage.
Sanka's ghost is severely damaged.
The gnoll sergeant barely misses you.
Sanka's ghost hits you but does no damage.
You hit sanka's ghost.
Sanka's ghost is almost destroyed.
You barely miss sanka's ghost.
Sanka's ghost is almost destroyed.
Sanka's ghost hits you but does no damage.
The gnoll sergeant closely misses you.
You hit sanka's ghost.
Sanka's ghost is almost destroyed.
The gnoll sergeant hits you but does no damage.
Sanka's ghost is struck by your spines.
Sanka's ghost hits you but does no damage.
You hit sanka's ghost but do no damage.
Sanka's ghost is almost destroyed.
You hit sanka's ghost.
Sanka's ghost is almost destroyed.
Sanka's ghost screams, "You will join me soon!"
Sanka's ghost hits you but does no damage.
The gnoll sergeant barely misses you.
You hit sanka's ghost.
Sanka's ghost is almost destroyed.
The gnoll sergeant hits you from afar with a +1 trident of distortion!
You die...

........# #...##..#..).
.##...# ......###
#..##.#...#....##....#
......#
#..#...##.©....#.....#
.########
#..##.#..###...###...#
........# #...# # ##.###
..##..# .######.# #...##
#....##...#..# .# #.#
#..##. ###...##..#..# .#
#.# #..#g.###.##..##.##..##
.#
#.###..##W@.^..#..#.g#.....
.#
#.##....####..##..##x#...#.
.#
#.##......©####....###...#.
##
#...........##.............
##
###.#....................##
.#
#..........................
.#
#.#.........######.........
.## #.#.#########
####.####. ..# #.#.#
#####.####.


You could see a gnoll sergeant and sanka's ghost.

Vanquished Creatures
  Pikel (D:5)
  An unseen horror (D:7)
  An ancient zyme (D:7)
  Sigmund (D:2)
  A steam dragon (D:6)
  Edmund (D:6)
  A sky beast (D:7)
  An ice beast (D:6)
  4 black bears
  4 ogres
  2 phantoms
  A lemure (D:5)
  Blork the orc (D:4)
  A wyvern zombie (D:7)
  A bullfrog (D:6)
  A scorpion (D:7)
  A water moccasin zombie (D:3)
  2 hounds (D:7)
  A gnoll shaman (D:4)
  A bullfrog skeleton (D:7)
  A centaur skeleton (D:7)
  5 iguanas
  A hound skeleton (D:5)
  3 gnolls (D:4)
  5 adders
  2 white imps
  An ufetubus (D:6)
  2 worms (D:2)
  4 dart slugs
  9 orcs
  6 endoplasms
  2 giant cockroaches
  11 goblins
  6 hobgoblins
  7 kobolds
  3 quokkas
  7 ball pythons
  8 bats
  3 frilled lizards
  6 rats
120 creatures vanquished.

Notes
Turn   | Place    | Note
-------+----------+-------------------------------------------
     0 | D:1      | vineage the Demonspawn Gladiator began the quest for the
                  | Orb.
     0 | D:1      | Reached XP level 1. HP: 16/16 MP: 1/1
   238 | D:1      | Reached skill level 1 in Armour
   238 | D:1      | Gained mutation: You are partially covered in sharp spines.
                  | [demonic ancestry]
   238 | D:1      | Reached XP level 2. HP: 23/23 MP: 2/2
   370 | D:1      | Found a faded altar of an unknown god.
   608 | D:2      | Reached XP level 3. HP: 25/28 MP: 3/3
   714 | D:2      | Noticed Sigmund
   725 | D:2      | Killed Sigmund
   726 | D:2      | Reached skill level 4 in Fighting
   726 | D:2      | Gained mutation: Spells you cast may paralyse adjacent
                  | enemies. [demonic ancestry]
   726 | D:2      | Reached XP level 4. HP: 24/37 MP: 4/4
   726 | D:2      | Gained mutation: You are partially covered in razor-sharp
                  | scales. (AC +1, Slay +1) [demonic ancestry]
   726 | D:2      | Reached XP level 5. HP: 28/42 MP: 5/5
   952 | D:2      | Found a stormy altar of Qazlal.
  1884 | D:3      | Noticed a black bear
  1890 | D:3      | Killed a black bear
  1891 | D:3      | Reached XP level 6. HP: 36/50 MP: 6/6
  2041 | D:3      | Reached skill level 5 in Fighting
  2331 | D:3      | Got the Tome of Displaced Summoning
  2518 | D:3      | Found an opulent altar of Gozag.
  2519 | D:3      | Found a shadowy altar of Dithmenos.
  2817 | D:4      | Noticed Blork the orc
  2820 | D:4      | Killed Blork the orc
  2894 | D:4      | Gained mutation: You are mostly covered in sharp spines.
                  | [demonic ancestry]
  2894 | D:4      | Reached XP level 7. HP: 49/56 MP: 7/7
  3411 | D:5      | Entered Level 5 of the Dungeon
  3442 | D:5      | Reached skill level 6 in Fighting
  3442 | D:5      | Reached skill level 5 in Armour
  3590 | D:5      | Found a staircase to the Ecumenical Temple.
  3603 | D:5      | Identified the +4 spear of Doom {vamp, rPois Str-3 Int+7
                  | Stlth+}
  3619 | Temple   | Entered the Ecumenical Temple
  3998 | D:5      | Noticed Pikel
  4071 | D:5      | Killed Pikel
  4072 | D:5      | Reached skill level 7 in Fighting
  4072 | D:5      | Reached XP level 8. HP: 54/68 MP: 8/8
  4178 | D:5      | Found an iron altar of Okawaru.
  4249 | D:5      | Became a worshipper of Warmaster Okawaru
  4394 | D:6      | Reached skill level 8 in Fighting
  4475 | D:6      | Reached * piety under Okawaru
  4532 | D:6      | Found a burning altar of Makhleb.
  4532 | D:6      | Found a hide-covered altar of Uskayaw.
  4594 | D:6      | Noticed Edmund
  4611 | D:6      | Killed Edmund
  4612 | D:6      | Gained mutation: Spells you cast may paralyse nearby
                  | enemies. [demonic ancestry]
  4612 | D:6      | Reached XP level 9. HP: 73/75 MP: 9/9
  4706 | D:6      | Found Jifiukh's Book Shoppe.
  5079 | D:7      | Reached skill level 9 in Fighting
  5134 | D:7      | Found a hazy altar of Hepliaklqana.
  5214 | D:7      | Found a blossoming altar of Fedhas.
  5295 | D:7      | Noticed an ancient zyme
  5305 | D:7      | Killed an unseen horror
  5367 | D:7      | Found a transporter.
  5371 | D:7      | Noticed sanka's ghost (novice GnTm)
  5387 | D:7      | Found a transporter.
  5474 | D:7      | Reached ** piety under Okawaru
  5711 | D:7      | Killed an ancient zyme
  5773 | D:7      | Slain by a gnoll sergeant

Illustrated notes

Levels and vault maps discovered:
D:1:      dpeg_arrival_central, layout_rooms, basic_ecumenical_altar,
          lemuel_another_geyser
D:2:      layout_loops_corners, basic_altar, uniq_sigmund
D:3:      layout_loops_cross, gammafunk_temple_overflow_statue,
          roderic_serpentine_path, grunt_decor_mini_mirrors
D:4:      layout_basic, uniq_blork_the_orc
D:5:      layout_gridville, lemuel_doored_altar,
          minmay_temple_entry_glassed_door, uniq_pikel
D:6:      nicolae_BIG_FREAKIN_CUBE, layout_rooms,
          amethyst_overflow_temple_binary, serial_shops, nicolae_diamond_shop,
          uniq_edmund
D:7:      layout_loops_ring, nzn_hepliaklqana_mist_gate,
          mainiacjoe_overflow_paths, gammafunk_ghost_abyssal_escape
Temple:   nicolae_temple_great_sept

Skill      XL: |  1  2  3  4  5  6  7  8  9 |
---------------+----------------------------+-----
Armour         | 1 3 4 6 7 8 |  8.8
Fighting       | 4 5 7 8 9 |  9.9
Axes           | |  2.6
Throwing       | |  1.7
Dodging        | |  2.6

Action                   |  1- 3 |  4- 6 |  7- 9 || total
-------------------------+-------+-------+-------++-------
Melee: War axe           |    40 |    87 |    28 ||   155
       Spear             |       |       |   169 ||   169
  Use: Scroll            |       |     5 |     5 ||    10
       Potion            |       |       |     1 ||     1
 Stab: Sleeping          |       |     4 |     8 ||    12
Armor: Leather armour    |    15 |    27 |    88 ||   130
Dodge: Dodged            |    26 |    54 |   111 ||   191

Table legend: (Time is in decaauts)
 A = Elapsed time spent in this place.
 B = Non-inter-level travel time spent in this place.
 C = Inter-level travel time spent in this place.
 D = Time resting spent in this place.
 E = Time spent auto-exploring this place.
 F = Levels seen in this place.
 G = Mean time per level.
                   A        B        C        D        E       F      G
               +--------+--------+--------+--------+--------+-----+--------+
         Total |   5823 |   5485 |    338 |      0 |   4551 |   8 |  727.9 |
       Dungeon |   5739 |   5413 |    326 |      0 |   4491 |   7 |  819.9 |
        Temple |     84 |     72 |     12 |      0 |     60 |   1 |   84.0 |
               +--------+--------+--------+--------+--------+-----+--------+

Top non-repeatable levels by time:
     D:2: 1295 daAuts
     D:3: 997 daAuts
     D:5: 868 daAuts
     D:7: 806 daAuts
     D:4: 606 daAuts
     D:6: 601 daAuts
     D:1: 563 daAuts
  Temple: 84 daAuts
